Map: Newkirk Precinct TE (Void)

Players

Ghost

  • Race: Terran Terran
  • Spawn Location: 5:00

Pokebunny - Winner!

  • Race: Terran Terran
  • Spawn Location: 7:00

Event: WCS Austin 2017

VOD

Have the link to the VOD?

Description

Time

  • Played on: April 28, 2017, 3:22 p.m.
  • Length: 8:46

All games in this series

Show
View Real Time Build Order
Export as new Build Order

Ghost Terran 

Build Orders: 1/1/1, Cyclone Opening 

Get SALT Encoding   

  12  0:00  SCV  
  13  0:13  SCV  
  14  0:18  Supply Depot  
  14  0:25  SCV  
  15  0:29  Refinery  
  15  0:40  SCV  
  16  0:46  Barracks  
  16  0:52  SCV  
  17  0:57  Refinery  
  17  1:04  SCV  
  18  1:16  SCV  
  19  1:33  Orbital Command  
  19  1:34  Factory  
  19  1:38  Reaper  
  20  1:48  Supply Depot  
  20  1:59  SCV  
  21  2:10  Reaper  
  21  2:11  SCV  
  23  2:19  Hellion  
  25  2:23  SCV  
  25  2:26  Starport  
  26  2:35  SCV  
  27  2:38  Supply Depot  
  27  2:42  Cyclone  
  30  2:45  Barracks Tech Lab  
  30  2:50  SCV  
  31  3:03  SCV  
  32  3:17  SCV  
  33  3:27  Widow Mine, Raven, Marine  
  30  3:29  SCV  
  36  3:39  Command Center  
  35  3:43  SCV  
  35  3:47  Barracks Reactor  
  36  3:52  Supply Depot  
  36  3:56  SCV  
  36  3:59  Factory Tech Lab  
  37  4:13  SCV  
  37  4:14  Raven  
  40  4:20  Siege Tank  
  40  4:23  Supply Depot  
  43  4:24  Marine x2  
  43  4:25  Engineering Bay, SCV  
  46  4:43  Marine  
  46  4:45  Marine, SCV  
  49  4:50  Command Center  
  49  4:52  Orbital Command  
  49  4:57  SCV  
  50  5:06  Siege Tank  
  50  5:12  SCV  
  51  5:16  Viking  
  53  5:23  SCV  
  53  5:24  Marine, SCV  
  53  5:25  Stimpack  
  56  5:33  Refinery x2  
  56  5:36  Barracks  
  54  5:54  Marine  
  54  5:55  Siege Tank  
  58  5:57  SCV  
  58  5:58  SCV  
  58  6:03  Orbital Command  
  60  6:07  Barracks  
  60  6:10  SCV  
  60  6:11  SCV  
  60  6:20  Marine  
  61  6:25  Barracks Reactor  
  61  6:28  SCV x2  
  61  6:31  Barracks, SCV  
  64  6:34  Barracks  
  64  6:38  Marine  
  64  6:46  Siege Tank  
  67  6:51  Viking x2  
  71  6:59  SCV x2  
  71  7:00  Supply Depot  
  69  7:11  Marine x4  
  71  7:28  Marine  
  71  7:29  Marine x3  
  62  7:36  Siege Tank  
  57  7:37  Marine x2  
  59  7:46  Marine x2  
  42  8:09  Marine  
  42  8:10  Marine, Orbital Command  
  41  8:16  Marine x4  
  41  8:18  SCV  
  38  8:27  Marine x2  
  38  8:30  SCV  
Show
View Real Time Build Order
Export as new Build Order

Pokebunny Terran - Winner!

Build Orders: Cyclone Opening, Reaper Expand 

Get SALT Encoding   

  12  0:00  SCV  
  13  0:13  SCV  
  14  0:17  Supply Depot  
  14  0:25  SCV  
  15  0:29  Refinery  
  15  0:39  SCV  
  16  0:45  Barracks  
  16  0:51  SCV  
  17  1:03  SCV  
  18  1:15  SCV  
  19  1:31  Orbital Command  
  19  1:32  Reaper  
  20  1:44  Command Center  
  20  1:54  Factory  
  20  1:59  SCV  
  21  2:04  Refinery  
  21  2:06  Barracks Reactor  
  21  2:11  SCV  
  22  2:16  Supply Depot  
  22  2:25  SCV  
  23  2:38  Starport  
  23  2:42  Marine x2, SCV  
  26  2:54  SCV  
  26  2:56  Cyclone  
  30  3:00  Marine  
  30  3:02  Marine  
  30  3:05  Orbital Command  
  31  3:16  Viking  
  33  3:22  Marine x2  
  32  3:28  SCV  
  32  3:30  Factory Tech Lab  
  32  3:32  SCV  
  33  3:40  Marine x2, SCV  
  36  3:44  SCV  
  36  3:46  Supply Depot  
  37  3:55  Factory Tech Lab  
  37  3:58  Marine x2  
  37  3:59  SCV x2  
  37  4:01  Raven  
  43  4:05  Refinery  
  43  4:11  SCV x2  
  43  4:12  Supply Depot  
  45  4:19  Siege Tank, Marine x2  
  50  4:24  SCV  
  50  4:25  Supply Depot  
  50  4:26  SCV  
  52  4:38  SCV x2  
  54  4:51  Starport Reactor, SCV x2  
  56  4:56  Marine, Stimpack  
  56  4:57  Barracks x2  
  57  5:03  SCV x2  
  57  5:06  Siege Tank  
  62  5:12  Supply Depot  
  62  5:16  SCV x2  
  62  5:17  Engineering Bay  
  61  5:24  Marine  
  61  5:28  SCV x2  
  64  5:31  Viking x2  
  68  5:38  Siege Tank  
  68  5:42  Marine  
  72  5:45  Barracks Reactor, Marine x2  
  72  5:47  SCV x2  
  72  5:48  Supply Depot  
  72  5:49  Refinery  
  76  6:00  Marine  
  76  6:01  Terran Infantry Weapons Level 1  
  76  6:02  Supply Depot x2  
  76  6:04  Marine  
  77  6:10  Siege Tank, Marine, SCV x2  
  84  6:15  Supply Depot  
  84  6:18  Marine  
  85  6:24  Medivac x2  
  89  6:36  Marine x3  
  89  6:37  Marine x2  
  89  6:38  SCV x2  
  96  6:46  Siege Tank  
  99  6:51  Command Center  
  97  7:12  Medivac x2, Marine x4  
  97  7:13  Marine  
  100  7:17  Barracks  
  100  7:18  Barracks  
  100  7:19  Engineering Bay  
  100  7:21  Armory  
  87  7:31  SCV x2  
  87  7:35  Marine x4  
  87  7:36  Marine  
  90  7:40  Siege Tank  
  90  7:43  SCV x2  
  84  8:07  Marine x2  
  84  8:08  Barracks Reactor x2, Marine x3  
  84  8:10  Orbital Command  
  84  8:11  SCV x2  
  90  8:23  SCV x2  
Tags
 
Add a new tag
Caveats
  • Supply blocks, unpowered buildings, or Contaminate may cause inaccurate times.
  • Supply counts are checked every 10 seconds.